 Dungeon Crawl Stone Soup version 0.23.0 (webtiles) character file.

Game seed: 13718646687737330068

46918 Trogdor the Slinger (level 14, -7/135 HPs)
             Began as a Deep Dwarf Hunter on Feb 17, 2019.
             Was a Priest of Elyvilon.
             Mangled by a sun demon (8 damage)
             ... summoned by an orc high priest
             ... on level 2 of the Orcish Mines.
             The game lasted 02:54:46 (22565 turns).

Trogdor the Slinger (Deep Dwarf Hunter)            Turns: 22565, Time: 02:54:47

Health: -7/135     AC: 13    Str: 18    XL:     14   Next: 6%
Magic:  17/17      EV: 16    Int: 10    God:    Elyvilon [***...]
Gold:   1717       SH:  6    Dex: 23    Spells: 4/13 levels left

rFire    . . .     SeeInvis .   b - +9 trident "Vikler" {freeze, rC+}
rCold    + + .     Gourm    +   Y - +0 buckler
rNeg     + + .     Faith    .   J - +3 leather armour {rF+}
rPois    +         Spirit   .   z - +1 helmet
rElec    +         Reflect  .   M - +2 ratskin cloak {+Rats rPois rN+ Str-1 Int-1 Dex+1}
rCorr    .         Harm     .   (no gloves)
MR       ++...                  w - +0 pair of boots of Past Mistakes {*Contam rElec Dex+2}
Stlth    ++........             c - amulet of the gourmand
HPRegen  0.00/turn              u - +4 ring of dexterity
MPRegen  0.15/turn              y - ring of ice

@: protection, non-regenerating
A: damage resistance, heal wounds, negative energy resistance 1, sense
surroundings 3, no potion heal 1, no regeneration
a: Heal Wounds, Lesser Healing, Heal Other, Purification, Divine Protection,
Renounce Religion, Evoke Ratskin


You were on level 2 of the Orcish Mines.
You worshipped Elyvilon.
Elyvilon was most pleased with you.
You were completely stuffed.

You visited 4 branches of the dungeon, and saw 22 of its levels.
You also visited: Sewer, Ossuary and Volcano.

You collected 1756 gold pieces.
You spent 39 gold pieces at shops.

Inventory:

Hand Weapons
 a - a +2 hunting sling of freezing
 b - the +9 trident "Vikler" (weapon) {freeze, rC+}
   (You took it off a big kobold on level 9 of the Dungeon)

   It has been specially enchanted to freeze those struck by it, causing extra
   injury to most foes and up to half again as much damage against particularly
   susceptible opponents.
   It can also slow down cold-blooded creatures.
   It protects you from cold.
 L - the +9 war axe "Wiwkoll" {venom, Str+7}
   (You found it on level 10 of the Dungeon)

   It poisons the flesh of those it strikes.
   It affects your strength (+7).
 Z - a +0 blowgun
Missiles
 h - 272 stones
 o - 7 poisoned javelins
 v - 63 poisoned needles
 N - 20 tomahawks (quivered)
 W - 14 sling bullets
Armour
 n - a +1 robe of cold resistance
 w - the +0 pair of boots of Past Mistakes (worn) {*Contam rElec Dex+2}
   (You found it on level 9 of the Dungeon)

   It affects your dexterity (+2).
   It insulates you from electricity.
   It causes magical contamination when unequipped.
 z - a +1 helmet (worn)
 J - a +3 leather armour of fire resistance (worn)
 M - the +2 ratskin cloak (worn) {+Rats rPois rN+ Str-1 Int-1 Dex+1}
   (You found it on level 5 of the Dungeon)

   It affects your strength (-1).
   It affects your intelligence (-1).
   It affects your dexterity (+1).
   It protects you from poison.
   It protects you from negative energy.
 P - a +0 plate armour
 Y - a +0 buckler (worn)
Jewellery
 c - an amulet of the gourmand (around neck)
 p - the ring of Vysilie {*Tele MR+ Stlth+}
   (You found it on level 2 of the Lair of Beasts)

   [ring of teleportation]

   It may teleport you next to monsters.
   It affects your resistance to hostile enchantments.
   It makes you more stealthy.
 q - an uncursed ring of magical power
 r - an uncursed amulet of guardian spirit
 u - a +4 ring of dexterity (left hand)
 y - a ring of ice (right hand)
 O - the ring "Niluev" {Fire *Corrode rN+++ Str+4}
   (You took it off an orc on level 5 of the Dungeon)

   [ring of fire]

   It enhances your fire magic.
   It affects your strength (+4).
   It protects you from fire.
   It makes you vulnerable to cold.
   It renders you almost immune to negative energy.
   It may corrode you when you take damage.
Wands
 i - a wand of digging (9)
 j - a wand of acid (6)
 t - a wand of enslavement (4)
 Q - a wand of flame (31)
Scrolls
 e - 5 scrolls of amnesia
 g - 3 scrolls of enchant armour
 l - 10 scrolls of remove curse
 m - 4 scrolls of teleportation
 x - 3 scrolls of magic mapping
 E - 2 scrolls of fear
 G - a scroll of blinking
 K - 2 scrolls of identify
 T - 4 scrolls of enchant weapon
 U - a scroll of summoning {unknown}
Potions
 k - 6 potions of agility
 A - a potion of invisibility
 B - 4 potions of heal wounds
 C - 2 potions of might
 D - 2 potions of flight
 F - 4 potions of curing
 H - 4 potions of haste
 R - 3 potions of berserk rage
 V - a potion of brilliance {unknown}
 X - a potion of ambrosia
Miscellaneous
 d - a fan of gales
 s - a box of beasts
 I - a phial of floods
Comestibles
 f - 27 rations
 S - 19 chunks of flesh


   Skills:
 + Level 11.1 Fighting
 + Level 10.3(11.1) Axes
 - Level 5.6(8.0) Polearms
 - Level 12.0(12.2) Slings
 + Level 3.3(7.3) Throwing
 + Level 7.3 Armour
 + Level 5.5 Dodging
 - Level 1.2 Stealth
 - Level 4.0 Shields
 + Level 8.1 Translocations
 + Level 11.7 Invocations
 + Level 3.6 Evocations


You had 4 spell levels left.
You knew the following spells:

 Your Spells              Type           Power        Failure   Level  Hunger
a - Blink                 Tloc           N/A          2%          2    ###....
b - Apportation           Tloc           ###...       1%          1    ##.....
c - Dispersal             Tloc           ###.......   94%         6    #######

Your spell library contained the following spells:

 Spells                   Type           Power        Failure   Level  Hunger
 Gell's Gravitas          Tloc           ###.......   4%          3    ####...
 Animate Skeleton         Necr           N/A          41%         1    ##.....
 Confusing Touch          Hex            #.....       41%         1    ##.....
 Magic Dart               Conj           #...         41%         1    ##.....
 Summon Small Mammal      Summ           #...         41%         1    ##.....
 Call Imp                 Summ           #.......     54%         2    ###....
 Passwall                 Tmut/Erth      #.......     54%         2    ###....
 Slow                     Hex            #.......     54%         2    ###....
 Force Lance              Conj/Tloc      #.......     63%         4    #####..
 Confuse                  Hex            #.......     78%         3    ####...
 Conjure Flame            Conj/Fire      #.......     78%         3    ####...
 Mephitic Cloud           Conj/Pois/Air  #.......     78%         3    ####...
 Petrify                  Tmut/Erth      #.......     99%         4    #####..
 Throw Icicle             Conj/Ice       #.......     99%         4    #####..
 Summon Forest            Summ/Tloc      #.........   93%         5    ######.
 Fireball                 Conj/Fire      #.........   100%        5    ######.
 Metabolic Englaciation   Hex/Ice        #.........   100%        5    ######.
 Yara's Violent Unravell  Hex/Tmut       #.........   100%        5    ######.
 Statue Form              Tmut/Erth      #........    100%        6    #######
 Dragon Form              Tmut           #.........   100%        7    #######


Dungeon Overview and Level Annotations

Branches:
Dungeon (13/15)            Temple (1/1) D:6            Lair (6/6) D:11
 Shoals (0/4) Lair:4       Spider (0/4) Lair:3        Slime (0/5) Lair:6
    Orc (2/2) D:9
    Elf: Orc:2       Vaults: D:13-14

Altars:
Ashenzari
Cheibriados
Dithmenos
Elyvilon
Fedhas
Gozag
Hepliaklqana
Kikubaaqudgha
Makhleb
Nemelex Xobeh
Okawaru
Qazlal
Ru
Sif Muna
Trog
Uskayaw
Vehumet
Wu Jian
Xom
Yredelemnul
Zin
The Shining One
Beogh
Jiyva

Shops:
D:8 ?   D:9 }   D:10 ?

Annotations:
D:5 2 runed translucent doors
D:6 bonscott's ghost, novice TeAE
D:12 exclusion: obsidian statue


Innate Abilities, Weirdness & Mutations

You are resistant to damage.
You can heal yourself by infusing magical energy.
You resist negative energy. (rN+)
You passively map a large area around you.
You do not regenerate.
Potions are less effective at restoring your health.


Message History

The sun demon hits you but does no damage.
The sixfirhy hits you!
* * * LOW HITPOINT WARNING * * *
The sixfirhy shocks you. You resist.
* * * LOW HITPOINT WARNING * * *
You see here a cursed -1 flail.
The sixfirhy completely misses you. The sixfirhy closely misses you.
The sixfirhy hits you but does no damage.
The orc high priest calls down the wrath of Beogh upon you.
Beogh smites you!
* * * LOW HITPOINT WARNING * * *
The sixfirhy completely misses you. The sixfirhy misses you.
The sixfirhy hits you! Elyvilon protects you from harm!
The sixfirhy shocks you. You resist. Elyvilon protects you from harm!
There is a stone staircase leading up here.
The sixfirhy hits you but does no damage.
The sun demon hits you!
You die...

.#.#.............................
..##..)....._.................##.
.......)...................#.#.#.
..#...#)).......................#
##.##...#..............#.....##
#....))......#..............##
##.#....)..#..............###
####.....#..............##
#..)..##รท.3@....#.#...# #
##.#..).).3....#...#..#
##.##.#......#.#.#...##...*
#......))4o##...###...##.##
##....#.oo##...###.. # ###
#......).#....# ##. *
##..##..)....## ### ##).....#
#(......#


You could see an orc high priest, a sun demon, an orange demon, a sixfirhy, an
orc warrior and an orc wizard.

Vanquished Creatures
  A fire dragon (Lair:6)
  Fannar (D:11)
  2 hydras
  4 two-headed ogres
  Erica (Orc:1)
  A hell knight (Volcano)
  A salamander mystic (Volcano)
  Pikel (D:7)
  2 lindwurms
  An orc knight (Orc:2)
  2 oklob plants
  3 salamanders (Volcano)
  A torpor snail (Lair:4)
  3 elephants
  A merfolk siren (Lair:4)
  6 black mambas
  12 spiny frogs
  A gargoyle (D:11)
  2 molten gargoyles (Lair:6)
  Maurice (Orc:2)
  4 rime drakes
  11 komodo dragons
  A jumping spider (Lair:3)
  3 trolls
  A polar bear (Lair:6)
  9 blink frogs
  11 dream sheep
  A hornet (D:9)
  2 hippogriffs
  A redback (Lair:3)
  A wyvern (Lair:6)
  12 yaks
  4 basilisks
  6 fire bats (Volcano)
  A hungry ghost (D:9)
  Menkaure (Ossuary)
  3 steam dragons
  7 water moccasins
  4 hell hounds (Lair:6)
  32 orc warriors
  9 porcupines
  2 black bears
  2 slaves (D:7)
  4 ice beasts
  5 sky beasts
  3 phantoms
  10 ogres
  3 wolves (Lair:1)
  4 centaurs
  8 crocodiles
  2 big kobolds
  14 bullfrogs
  3 gnoll sergeants
  2 scorpions
  13 killer bees
  6 howler monkeys
  An electric eel (Lair:1)
  14 lava snakes
  5 crimson imps
  A centaur zombie (D:10)
  2 bullfrog zombies
  A quasit (D:11)
  A hound (D:11)
  A gnoll shaman (Orc:1)
  2 bullfrog skeletons
  18 orc priests
  5 jellies
  Jessica (D:2)
  4 iguanas
  35 orc wizards
  5 hell rats (Lair:3)
  10 worker ants
  A hound skeleton (D:10)
  A hound zombie (D:5)
  3 mummies (Ossuary)
  4 worker ant zombies
  Robin (D:2)
  A howler monkey skeleton (D:4)
  19 gnolls
  14 adders
  19 river rats (Lair:3)
  3 shadow imps
  An ooze (D:6)
  2 adder skeletons
  A worm (D:2)
  2 dart slugs
  11 leopard geckos
  77 orcs
  9 giant cockroaches
  5 gnoll zombies (Ossuary)
  12 goblins
  11 hobgoblins
  17 jackals
  8 quokkas
  5 ball pythons
  4 bats
  8 frilled lizards
  4 gnoll skeletons (Ossuary)
  4 goblin skeletons (Ossuary)
  3 goblin zombies (Ossuary)
  2 hobgoblin skeletons (Ossuary)
  5 hobgoblin zombies (Ossuary)
  16 kobolds
  3 kobold skeletons (Ossuary)
  5 kobold zombies (Ossuary)
  3 orc skeletons (Ossuary)
  3 orc zombies (Ossuary)
  A quokka zombie (D:7)
  16 rats
  8 rat skeletons (Ossuary)
  3 rat zombies (Ossuary)
  2 bushes (Lair:2)
  7 fungi
682 creatures vanquished.

Vanquished Creatures (collateral kills)
  A bullfrog zombie (D:5)
  A gnoll (D:6)
  3 orcs (D:5)
5 creatures vanquished.

Vanquished Creatures (others)
  A two-headed ogre (Orc:1)
  A basilisk (Lair:6)
  A goblin zombie (Ossuary)
  A kobold skeleton (Ossuary)
  4 fungi
  8 plants
16 creatures vanquished.

Grand Total: 703 creatures vanquished

Notes
Turn   | Place    | Note
-------+----------+-------------------------------------------
     0 | D:1      | Trogdor the Deep Dwarf Hunter began the quest for the Orb.
     0 | D:1      | Reached XP level 1. HP: 19/19 MP: 1/1
   156 | D:1      | Reached XP level 2. HP: 26/26 MP: 2/2
   190 | D:1      | Reached skill level 5 in Slings
   621 | D:2      | Noticed Robin
   625 | D:2      | Reached XP level 3. HP: 32/32 MP: 3/3
   637 | D:2      | Killed Robin
   694 | D:2      | Reached skill level 6 in Slings
   758 | D:2      | Reached XP level 4. HP: 39/39 MP: 4/4
   844 | D:2      | Noticed Jessica
   846 | D:2      | Killed Jessica
  1214 | D:3      | Found an ornate altar of the Wu Jian Council.
  1282 | D:3      | Found a glowing drain.
  1288 | D:3      | Reached skill level 7 in Slings
  1295 | Sewer    | Entered a sewer
  1300 | Sewer    | Reached XP level 5. HP: 41/45 MP: 5/5
  1568 | Sewer    | Reached skill level 8 in Slings
  1568 | Sewer    | Reached XP level 6. HP: 27/52 MP: 6/6
  2740 | D:4      | Found a sand-covered staircase.
  2748 | Ossuary  | Entered an ossuary
  3060 | Ossuary  | Noticed Menkaure
  3068 | Ossuary  | Killed Menkaure
  3068 | Ossuary  | Reached skill level 9 in Slings
  3068 | Ossuary  | Reached XP level 7. HP: 15/58 MP: 7/7
  3516 | D:4      | Found a basalt altar of Yredelemnul.
  3553 | D:4      | Learned a level 2 spell: Blink
  3881 | D:5      | Entered Level 5 of the Dungeon
  3952 | D:4      | Reached skill level 10 in Slings
  4236 | D:5      | Found a large runed translucent door.
  4236 | D:5      | Found a large runed translucent door.
  4249 | D:5      | Identified the ring "Niluev" {Fire *Corrode rN+++ Str+4}
  4256 | D:5      | Reached skill level 1 in Translocations
  4256 | D:5      | Reached XP level 8. HP: 60/66 MP: 7/7
  4271 | D:5      | Reached skill level 11 in Slings
  4990 | D:5      | Found a large runed translucent door.
  4990 | D:5      | Found a large runed translucent door.
  5102 | D:5      | Reached skill level 12 in Slings
  5235 | D:5      | Found the +2 ratskin cloak {+Rats rPois rN+ Str-1 Int-1
                  | Dex+1}
  5530 | D:6      | Found a transporter.
  5536 | D:6      | Found a transporter.
  5592 | D:6      | Found a staircase to the Ecumenical Temple.
  5630 | D:6      | Reached skill level 1 in Evocations
  5633 | D:6      | Reached skill level 5 in Translocations
  5660 | D:6      | Gained mutation: You passively map the area around you.
                  | [Deep Dwarf growth]
  5660 | D:6      | Reached XP level 9. HP: 54/73 MP: 5/7
  5721 | Temple   | Entered the Ecumenical Temple
  5768 | Temple   | Became a worshipper of Elyvilon the Healer
  6202 | D:6      | Noticed bonscott's ghost (novice TeAE)
  6522 | D:7      | Learned a level 1 spell: Apportation
  6624 | D:7      | Reached skill level 1 in Armour
  6624 | D:7      | Reached skill level 1 in Invocations
  6751 | D:7      | Noticed Pikel
  6777 | D:7      | Killed Pikel
  7006 | D:7      | Reached * piety under Elyvilon
  7806 | D:8      | Found Fefoipliut's Magic Scroll Emporium.
  7853 | D:8      | Bought a scroll of teleportation for 39 gold pieces
  8048 | D:8      | Found a hazy altar of Hepliaklqana.
  8101 | D:8      | Found a glowing golden altar of the Shining One.
  8103 | D:8      | Found a radiant altar of Vehumet.
  8106 | D:8      | Found a blossoming altar of Fedhas.
  8107 | D:8      | Found a stormy altar of Qazlal.
  8108 | D:8      | Found an opulent altar of Gozag.
  8149 | D:8      | Noticed a two-headed ogre
  8178 | D:8      | Killed a two-headed ogre
  8178 | D:8      | Reached skill level 5 in Invocations
  8178 | D:8      | Reached XP level 10. HP: 69/87 MP: 0/8
  8480 | D:8      | Found a deep blue altar of Sif Muna.
  8774 | D:9      | Found Rutiri's Gadget Shop.
  8791 | D:9      | Reached ** piety under Elyvilon
  8856 | D:9      | Noticed a two-headed ogre
  8874 | D:9      | Killed a two-headed ogre
  8874 | D:9      | Reached skill level 5 in Fighting
  8874 | D:9      | Reached skill level 1 in Shields
  9146 | D:9      | Found a bloodstained altar of Trog.
  9341 | D:9      | Identified Sif Muna's Papyrus of Attacks and the Voyage
  9530 | D:9      | Identified the +9 trident "Vikler" {freeze, rC+}
  9625 | D:9      | Found a staircase to the Orcish Mines.
  9837 | D:9      | Noticed a two-headed ogre
  9852 | D:9      | Reached skill level 1 in Polearms
 10054 | D:9      | Got a pair of jewelled boots
 10060 | D:9      | Identified the +0 pair of boots of Past Mistakes {*Contam
                  | rElec Dex+2} (You found it on level 9 of the Dungeon)
 10123 | D:9      | Reached *** piety under Elyvilon
 10265 | D:9      | Killed a two-headed ogre
 10558 | D:10     | Entered Level 10 of the Dungeon
 11084 | D:10     | Found Unyamiruomm's Magic Scroll Shoppe.
 11132 | D:10     | Reached XP level 11. HP: 91/99 MP: 11/11
 11160 | D:10     | Learned a level 6 spell: Dispersal
 11396 | D:10     | Noticed a two-headed ogre
 11429 | D:10     | Killed a two-headed ogre
 11555 | D:10     | Got an ichor-stained war axe
 11556 | D:10     | Identified the +9 war axe "Wiwkoll" {venom, Str+7} (You
                  | found it on level 10 of the Dungeon)
 11827 | D:11     | You fall through a shaft for 2 floors!
 11832 | D:12     | Noticed an obsidian statue
 11834 | D:12     | Reached **** piety under Elyvilon
 11849 | D:12     | Noticed a sixfirhy
 11909 | D:11     | Found a basalt altar of Yredelemnul.
 11992 | D:11     | Reached skill level 1 in Throwing
 11997 | D:11     | Reached skill level 1 in Axes
 12098 | D:11     | Found a staircase to the Lair.
 12229 | D:11     | Noticed Fannar
 12294 | D:11     | Killed Fannar
 12303 | D:11     | HP: 5/100 [gargoyle/stone arrow (20)]
 13533 | Lair:1   | Entered Level 1 of the Lair of Beasts
 14104 | Lair:1   | Reached skill level 5 in Dodging
 14871 | Lair:2   | Reached ***** piety under Elyvilon
 14989 | Lair:2   | Reached XP level 12. HP: 77/110 MP: 14/14
 15285 | Lair:2   | Reached skill level 5 in Armour
 15554 | Lair:2   | Got a glittering bronze ring
 15556 | Lair:2   | Identified the ring of Vysilie {*Tele MR+ Stlth+} (You
                  | found it on level 2 of the Lair of Beasts)
 16091 | Lair:3   | Reached skill level 5 in Axes
 16141 | Lair:3   | Gained mutation: Potions are less effective at restoring
                  | your health. [potion of mutation]
 16141 | Lair:3   | Gained mutation: You are weak. (Str -2) [potion of
                  | mutation]
 16141 | Lair:3   | Lost mutation: You are weak. (Str -2) [potion of mutation]
 16141 | Lair:3   | Gained mutation: You passively map a large area around you.
                  | [potion of mutation]
 16343 | Lair:3   | Reached skill level 10 in Invocations
 16692 | Lair:3   | Found a hole to the Spider Nest.
 17234 | Lair:4   | Found a staircase to the Shoals.
 17256 | Lair:4   | Reached skill level 5 in Polearms
 17424 | Lair:4   | Identified Utuvamew's Disquisition on Mutagenic Ignition
 18327 | Lair:5   | Noticed a six-headed hydra
 18336 | Lair:5   | Killed a six-headed hydra
 18336 | Lair:5   | Reached XP level 13. HP: 107/122 MP: 15/15
 18761 | Lair:6   | Entered Level 6 of the Lair of Beasts
 18761 | Lair:6   | Found a staircase to the Slime Pits.
 18761 | Lair:6   | Found a viscous altar of Jiyva.
 18955 | Lair:6   | Reached skill level 10 in Fighting
 19302 | Lair:6   | Found a large runed translucent door.
 19302 | Lair:6   | Found a large runed translucent door.
 19555 | Lair:6   | Noticed a fire dragon
 19626 | Lair:6   | Killed a fire dragon
 20739 | Orc:1    | Entered Level 1 of the Orcish Mines
 20839 | Orc:1    | Found a dark tunnel.
 20860 | Volcano  | Entered a volcano
 21008 | Volcano  | Reached skill level 10 in Axes
 21072 | Volcano  | Found a radiant altar of Vehumet.
 21639 | Orc:1    | Found a bloodstained altar of Trog.
 21747 | Orc:1    | Noticed Erica
 21766 | Orc:1    | Killed Erica
 21951 | Orc:2    | Entered Level 2 of the Orcish Mines
 21951 | Orc:2    | Noticed Maurice
 21967 | Orc:2    | Killed Maurice
 22059 | Orc:2    | Gained mutation: You resist negative energy. (rN+) [Deep
                  | Dwarf growth]
 22059 | Orc:2    | Reached XP level 14. HP: 133/135 MP: 17/17
 22275 | Orc:2    | Found a roughly hewn altar of Beogh.
 22562 | Orc:2    | HP: 1/135 [orc high priest/divine providence (14)]
 22564 | Orc:2    | Elyvilon protects you from harm!
 22564 | Orc:2    | Elyvilon protects you from harm!
 22565 | Orc:2    | Mangled by a sun demon

Skill      XL: |  1  2  3  4  5  6  7  8  9 10 11 12 13 14 |
---------------+-------------------------------------------+-----
Slings         | 5 6 7 8 9 10 12 | 12.0
Translocations | 1 5 7 8 |  8.1
Evocations     | 1 3 |  3.6
Fighting       | 4 6 7 9 11 | 11.1
Armour         | 2 3 4 6 7 |  7.3
Invocations    | 5 7 9 10 11 | 11.7
Dodging        | 3 4 5 |  5.5
Shields        | 3 4 |  4.0
Polearms       | 2 4 5 |  5.6
Throwing       | 2 3 |  3.3
Axes           | 3 8 10 | 10.3
Stealth        | |  1.2

Action                   |  1- 3 |  4- 6 |  7- 9 | 10-12 | 13-15 || total
-------------------------+-------+-------+-------+-------+-------++-------
Melee: Morningstar       |       |       |    30 |       |       ||    30
       Whip              |       |       |     6 |    12 |       ||    18
       Trident           |       |       |       |   214 |    49 ||   263
       War axe           |       |       |       |   214 |   196 ||   410
 Fire: Hunting sling     |   114 |   300 |   770 |   925 |   492 ||  2601
       Blowgun           |       |       |       |    32 |       ||    32
Throw: Stone             |       |       |       |     3 |    10 ||    13
       Tomahawk          |       |       |       |       |    69 ||    69
 Cast: Blink             |       |       |    39 |    52 |     3 ||    94
Invok: Lesser Healing    |       |       |    11 |    60 |    61 ||   132
       Greater Healing   |       |       |       |    12 |    11 ||    23
       Divine Protection |       |       |       |     5 |     1 ||     6
       Purification      |       |       |       |       |     1 ||     1
 Abil: Heal Wounds       |     1 |     1 |    18 |     3 |       ||    23
       Evoke Ratskin     |       |       |     4 |       |       ||     4
Evoke: Wand              |       |       |       |     1 |     3 ||     4
       Sack of spiders   |       |       |       |     1 |       ||     1
  Use: Scroll            |     2 |     4 |    11 |    11 |     7 ||    35
       Potion            |       |       |       |     5 |     3 ||     8
 Stab: Sleeping          |       |       |       |     1 |       ||     1
  Eat: Chunk             |       |     2 |    12 |    53 |    27 ||    94
       Ration            |       |     2 |     2 |     3 |       ||     7
Armor: Leather armour    |    10 |    11 |    79 |    95 |    19 ||   214
       Plate armour      |       |       |       |    94 |    77 ||   171
       Robe              |       |       |       |     6 |       ||     6
Dodge: Dodged            |    20 |    31 |   186 |   341 |   113 ||   691
Block: Buckler           |       |       |       |   159 |    82 ||   241
